 Dungeon Crawl Stone Soup version 0.31-a0-152-g6aa68a64a1 (webtiles) character file.

Game seed: 11876388158532132832

5873 zazu2006 the Fighter (level 10, -14/86 HPs)
             Began as a Gnoll Wanderer on June 11, 2023.
             Was a Follower of Vehumet.
             Demolished by an apocalypse crab (28 damage)
             ... on level 3 of the Abyss.
             The game lasted 00:28:50 (10781 turns).

zazu2006 the Fighter (Gnoll Wanderer)              Turns: 10781, Time: 00:28:50

Health: -14/86     AC: 12    Str: 12      XL:     10   Next: 81%
Magic:  19/19      EV: 19    Int: 11 (12) God:    Vehumet [*.....]
Gold:   285        SH:  6    Dex: 15      Spells: 17/22 levels left

rFire   . . .        K - +3 spear
rCold   x . .        c - +0 buckler
rNeg    . . .        e - +0 leather armour
rPois   .            D - +0 helmet
rElec   .            B - +0 cloak
rCorr   .            y - +2 pair of gloves
SInv    .            F - +0 pair of boots
Will    .....        (no amulet)
Stlth   +++          H - +4 ring of slaying
HPRegen 0.00/turn    P - +5 ring of evasion
MPRegen 0.16/turn

%: no passive effects
@: mighty, about to teleport, sick
A: fangs 1, strong nose, distributed training, iridescent scales 1, cold
vulnerability 1, noise suppression
a: Renounce Religion


You were on level 3 of the Abyss.
You worshipped Vehumet.
Vehumet was aware of your devotion.
You visited 2 branches of the dungeon, and saw 10 of its levels.
You visited the Abyss 1 time.

You collected 285 gold pieces.

Inventory:

Hand Weapons
 I - a +3 dire flail
 J - a +4 scimitar
 K - a +3 spear (weapon)
 L - the +4 rapier of Context {freeze, Fly rCorr}
   (You took it off a centaur on level 8 of the Dungeon)

   Fly:       It grants you flight.
   rCorr:     It protects you from acid and corrosion.
Missiles
 k - 2 throwing nets
 l - 16 poisoned darts (quivered)
 v - 5 datura-tipped darts
 E - 2 boomerangs
Armour
 c - a +0 buckler (worn)
 e - a +0 leather armour (worn)
 y - a +2 pair of gloves (worn)
 B - a +0 cloak (worn)
 D - a +0 helmet (worn)
 F - a +0 pair of boots (worn)
Magical Staves
 f - a staff of conjuration
Jewellery
 g - a +4 ring of slaying
 x - a ring of see invisible
 H - a +4 ring of slaying (left hand)
 P - a +5 ring of evasion (right hand)
Wands
 N - a wand of paralysis (8)
Scrolls
 a - a scroll of noise {unknown}
 d - 2 scrolls of fog
 h - a scroll of magic mapping
 i - a scroll of immolation
 m - 2 scrolls of enchant weapon
 r - a scroll of amnesia {unknown}
 t - a scroll of vulnerability {unknown}
 u - a scroll of fear {unknown}
 w - a scroll of enchant armour {unknown}
 z - 2 scrolls of brand weapon
 A - 2 scrolls of butterflies {unknown}
 C - a scroll of blinking
Potions
 b - 2 potions of attraction
 n - a potion of lignification {unknown}
 o - 2 potions of brilliance
 s - a potion of enlightenment
 G - a potion of might {unknown}
 M - a potion of haste {unknown}


   Skills:
 + Level 10.4 Fighting
 + Level 5.8 Short Blades
 + Level 5.8 Long Blades
 + Level 5.8 Axes
 + Level 5.8 Maces & Flails
 + Level 8.9 Polearms
 + Level 5.8 Staves
 + Level 5.8 Ranged Weapons
 + Level 5.8 Throwing
 + Level 5.8 Armour
 + Level 6.4 Dodging
 + Level 5.8 Stealth
 + Level 6.4 Shields
 + Level 5.8 Unarmed Combat
 + Level 6.5 Spellcasting
 + Level 4.8 Conjurations
 + Level 4.8 Hexes
 + Level 4.8 Summonings
 + Level 4.8 Necromancy
 + Level 4.8 Translocations
 + Level 4.8 Transmutations
 + Level 4.8 Fire Magic
 + Level 4.8 Ice Magic
 + Level 4.8 Air Magic
 + Level 4.8 Earth Magic
 + Level 4.8 Poison Magic
 + Level 6.4 Invocations
 + Level 5.8 Evocations


You had 17 spell levels left.
You knew the following spells:

 Your Spells              Type           Power      Damage    Failure   Level
a - Dazzling Flash        Conj/Hex       28%        N/A       13%         3
d - Blink                 Tloc           28%        N/A       6%          2

Your spell library contained the following spells:

 Spells                   Type           Power      Damage    Failure   Level
 Foxfire                  Conj/Fire      56%        2x1d6     4%          1
 Freeze                   Ice            56%        1d7       4%          1
 Slow                     Hex            56%        N/A       4%          1
 Lesser Beckoning         Tloc           28%        N/A       6%          2
 Momentum Strike          Conj/Tloc      28%        3d8       6%          2
 Confusing Touch          Hex            14%        N/A       13%         3
 Frozen Ramparts          Ice            28%        1d5       13%         3
 Hailstorm                Conj/Ice       14%        3d5       13%         3
 Vampiric Draining        Necr           14%        2d7       13%         3
 Agony                    Necr           14%        N/A       75%         5
 Silence                  Hex/Air        7%         N/A       75%         5


Dungeon Overview and Level Annotations

Branches:
Dungeon (9/15)             Temple (1/1) D:7
   Lair: D:8-11         Orc: D:9-12

Altars:
Ashenzari
Fedhas
Gozag
Kikubaaqudgha
Makhleb
Nemelex Xobeh
Okawaru
Qazlal
Ru
Sif Muna
Trog
Uskayaw
Vehumet
Wu Jian
Xom
Zin
The Shining One

Shops:
D:2 [*(*   D:6 (

Annotations:
D:2 1 runed translucent door, Crazy Yiuf
D:9 Maggie


Innate Abilities, Weirdness & Mutations

You have very sharp teeth.
Your uncanny sense of smell can sniff out nearby items.
Your experience applies equally to all skills.
You are partially covered in iridescent scales. (AC +2)
You are vulnerable to cold. (rC-)
You passively dampen the noise of your surroundings.


Message History

A wraith comes into view.
The thrashing horror misses you.
The thrashing horror tramples you but does no damage. x2
The thrashing horror tramples you.
You hold your ground!
An ancient zyme comes into view.
You feel yourself growing ill in the presence of the ancient zyme.
The thrashing horror tramples you.
You hold your ground!
The thrashing horror barely misses you.
The thrashing horror roars!
You hear a roar!
The thrashing horror barely misses you.
The thrashing horror tramples you but does no damage.
The thrashing horror tramples you!
You hold your ground!
The thrashing horror closely misses you.
You hear a screech!
The golden eye blinks!
The apocalypse crab bites you but does no damage.
The apocalypse crab barely misses you. The thrashing horror misses you.
The thrashing horror tramples you but does no damage.
The thrashing horror closely misses you.
The thrashing horror misses you. The apocalypse crab barely misses you.
The apocalypse crab claws you but does no damage.
You feel ill. The thrashing horror misses you.
The thrashing horror tramples you.
* * * LOW HITPOINT WARNING * * *
You hold your ground!
You feel less confused. The thrashing horror misses you.
The thrashing horror completely misses you.
The apocalypse crab completely misses you.
You block the apocalypse crab's attack.
As you read the scroll labelled URER MISTRANT, it crumbles to dust.
You feel strangely unstable.
You feel the power of the Abyss delaying your translocation!
It was a scroll of teleportation.
The thrashing horror tramples you.
* * * LOW HITPOINT WARNING * * *
You hold your ground!
The thrashing horror misses you. The apocalypse crab bites you!
* * * LOW HITPOINT WARNING * * *
The apocalypse crab freezes you!!
You feel a terrible chill!
You die...

. # . .. . .
###.. .....
....#..#...
.# .... .. .
....#. # # .
...#....#..#
# ##.#..... §
# .
##....#x#.§#
# .#..
#..#.#XWX#t§#
.. #. .
...#tX##XX# .
..... # .#
#@#§## #.#
########.## #
. .# ## . .
## . #. #.. .
.# .# # . . #


You could see an ancient zyme, an apocalypse crab, 3 thrashing horrors and a
wraith.

Vanquished Creatures
  A two-headed ogre (D:8)
  2 kobold demonologists (D:9)
  2 hornets
  A yak (D:8)
  2 wyverns (D:8)
  A steam dragon (D:8)
  3 water moccasins
  4 ice beasts
  A sky beast (D:8)
  2 black bears
  An ogre (D:6)
  2 centaurs
  5 kobold brigands
  7 bullfrogs
  2 gnoll sergeants
  6 scorpions
  6 wights
  5 killer bees (D:8)
  A hound (D:4)
  3 jellies
  A gnoll bouda (D:7)
  5 orc priests
  5 orc wizards
  4 sleepcaps
  Terence (D:3)
  The ghost of Leavold the Caller, a weakling DESu (D:4)
  15 gnolls
  6 adders
  An ufetubus (D:4)
  A dart slug (D:3)
  18 orcs
  2 bats (D:2)
  6 endoplasms
  3 giant cockroaches
  15 goblins
  5 hobgoblins
  2 quokkas
  5 ball pythons
  3 frilled lizards
  15 kobolds
  7 rats
178 creatures vanquished.

Notes
Turn   | Place    | Note
-------+----------+-------------------------------------------
     0 | D:1      | zazu2006 the Gnoll Wanderer began the quest for the Orb.
     0 | D:1      | zazu2006 set off with the following items: a +2 spear, a
                  | potion of attraction, a +0 buckler, a scroll of fog, a +0
                  | leather armour.
     0 | D:1      | Reached XP level 1. HP: 26/26 MP: 4/4
   753 | D:1      | Found a faded altar of an unknown god.
   808 | D:2      | Reached XP level 2. HP: 33/33 MP: 5/5
   998 | D:2      | Reached XP level 3. HP: 29/38 MP: 7/7
  1095 | D:2      | Found a runed translucent door.
  1096 | D:2      | Noticed Crazy Yiuf
  1203 | D:2      | Found Ellausod's Assorted Antiques.
  1281 | D:2      | Found Qaal's Weapon Boutique.
  1312 | D:2      | Found Noxugom's Assorted Antiques.
  1338 | D:2      | Reached skill level 1 in Invocations
  1376 | D:2      | Reached skill level 1 in Short Blades
  1376 | D:2      | Reached skill level 1 in Long Blades
  1376 | D:2      | Reached skill level 1 in Axes
  1376 | D:2      | Reached skill level 1 in Maces & Flails
  1376 | D:2      | Reached skill level 1 in Staves
  1376 | D:2      | Reached skill level 1 in Ranged Weapons
  1376 | D:2      | Reached skill level 1 in Throwing
  1376 | D:2      | Reached skill level 1 in Armour
  1376 | D:2      | Reached skill level 1 in Stealth
  1376 | D:2      | Reached skill level 1 in Unarmed Combat
  1376 | D:2      | Reached skill level 1 in Evocations
  1493 | D:2      | Found Supittar's Antique Armour Shoppe.
  1853 | D:3      | Reached XP level 4. HP: 45/45 MP: 8/8
  2003 | D:3      | Identified the +1 pair of gloves of Death Resistance {rF+}
  2335 | D:3      | Reached skill level 1 in Conjurations
  2335 | D:3      | Reached skill level 1 in Hexes
  2335 | D:3      | Reached skill level 1 in Summonings
  2335 | D:3      | Reached skill level 1 in Necromancy
  2335 | D:3      | Reached skill level 1 in Translocations
  2335 | D:3      | Reached skill level 1 in Transmutations
  2335 | D:3      | Reached skill level 1 in Fire Magic
  2335 | D:3      | Reached skill level 1 in Ice Magic
  2335 | D:3      | Reached skill level 1 in Air Magic
  2335 | D:3      | Reached skill level 1 in Earth Magic
  2335 | D:3      | Reached skill level 1 in Poison Magic
  2345 | D:3      | Reached XP level 5. HP: 47/51 MP: 9/9
  2419 | D:3      | Noticed Terence
  2437 | D:3      | Killed Terence
  3155 | D:4      | Reached XP level 6. HP: 57/57 MP: 9/11
  3295 | D:4      | Found a runed translucent door.
  3433 | D:4      | Noticed Leavold's ghost (weakling DESu)
  3608 | D:4      | Reached XP level 7. HP: 60/63 MP: 12/12
  3633 | D:4      | Found a shimmering blue altar of Sif Muna.
  3999 | D:4      | Found a glowing golden altar of the Shining One.
  4018 | D:4      | Reached skill level 9 in Fighting
  4304 | D:4      | Killed Leavold's ghost
  4405 | D:5      | Entered Level 5 of the Dungeon
  4581 | D:5      | Found a sacrificial altar of Ru.
  4864 | D:5      | Reached XP level 8. HP: 71/71 MP: 14/14
  5067 | D:5      | Learned a level 2 spell: Blink
  5474 | D:6      | Found a broken altar of Ashenzari.
  5914 | D:6      | Gained mutation: Your spells are a little easier to cast,
                  | but a little less powerful. [potion of mutation]
  5914 | D:6      | Gained mutation: You have a pair of small horns on your
                  | head. [potion of mutation]
  6168 | D:6      | Found a glowing silver altar of Zin.
  6253 | D:6      | Found Tairoud's Weapon Boutique.
  6293 | D:6      | Found an iron altar of Okawaru.
  6409 | D:6      | Found a burning altar of Makhleb.
  6412 | D:6      | Found a blossoming altar of Fedhas.
  6535 | D:6      | Lost mutation: Your spells are a little easier to cast, but
                  | a little less powerful. [potion of mutation]
  6535 | D:6      | Lost mutation: You have a pair of small horns on your head.
                  | [potion of mutation]
  6535 | D:6      | Gained mutation: You sometimes lose your temper in combat.
                  | [potion of mutation]
  6536 | D:6      | Lost mutation: You sometimes lose your temper in combat.
                  | [potion of mutation]
  6536 | D:6      | Gained mutation: You are partially covered in iridescent
                  | scales. (AC +2) [potion of mutation]
  6536 | D:6      | Gained mutation: You are vulnerable to cold. (rC-) [potion
                  | of mutation]
  6536 | D:6      | Gained mutation: You passively dampen the noise of your
                  | surroundings. [potion of mutation]
  6568 | D:7      | Noticed a hornet
  6578 | D:7      | Killed a hornet
  6579 | D:7      | Reached skill level 5 in Spellcasting
  6579 | D:7      | Reached XP level 9. HP: 36/77 MP: 16/16
  6742 | D:6      | Learned a level 3 spell: Dazzling Flash
  6898 | D:7      | Reached skill level 5 in Dodging
  6898 | D:7      | Reached skill level 5 in Shields
  7090 | D:7      | Found a staircase to the Ecumenical Temple.
  7174 | Temple   | Entered the Ecumenical Temple
  7237 | Temple   | Became a worshipper of Vehumet
  7963 | D:7      | Reached skill level 5 in Invocations
  8385 | D:8      | Identified the +4 rapier of Context {freeze, Fly rCorr}
  8693 | D:8      | Noticed a two-headed ogre
  8709 | D:8      | Killed a two-headed ogre
  8710 | D:8      | Reached skill level 10 in Fighting
  8710 | D:8      | Reached skill level 5 in Short Blades
  8710 | D:8      | Reached skill level 5 in Long Blades
  8710 | D:8      | Reached skill level 5 in Axes
  8710 | D:8      | Reached skill level 5 in Maces & Flails
  8710 | D:8      | Reached skill level 5 in Staves
  8710 | D:8      | Reached skill level 5 in Ranged Weapons
  8710 | D:8      | Reached skill level 5 in Throwing
  8710 | D:8      | Reached skill level 5 in Armour
  8710 | D:8      | Reached skill level 5 in Stealth
  8710 | D:8      | Reached skill level 5 in Unarmed Combat
  8710 | D:8      | Reached skill level 5 in Evocations
  8710 | D:8      | Reached XP level 10. HP: 58/85 MP: 17/19
  9278 | D:8      | Reached * piety under Vehumet
  9278 | D:8      | Offered knowledge of Foxfire by Vehumet.
  9409 | D:8      | Paralysed by a hornet for 2 turns
 10409 | D:8      | Found a bloodstained altar of Trog.
 10409 | D:8      | Found a shimmering altar of Xom.
 10417 | D:8      | Found an ornate altar of the Wu Jian Council.
 10419 | D:8      | Found an opulent altar of Gozag.
 10421 | D:8      | Found a stormy altar of Qazlal.
 10517 | D:9      | Noticed a kobold demonologist
 10517 | D:9      | Noticed a kobold demonologist
 10528 | D:9      | Noticed Maggie
 10532 | D:9      | Killed a kobold demonologist
 10549 | D:9      | Killed a kobold demonologist
 10566 | Abyss:2  | Cast into level 2 of the Abyss (Maggie)
 10613 | Abyss:2  | Noticed a large abomination
 10632 | Abyss:2  | Noticed a wretched star
 10654 | Abyss:3  | Found a corrupted altar of Lugonu.
 10680 | Abyss:3  | Noticed a vampire mage
 10694 | Abyss:3  | Found a hazy altar of Hepliaklqana.
 10699 | Abyss:3  | Noticed an apocalypse crab
 10744 | Abyss:3  | Noticed a thrashing horror
 10744 | Abyss:3  | Noticed a thrashing horror
 10744 | Abyss:3  | Noticed a thrashing horror
 10781 | Abyss:3  | Demolished by an apocalypse crab

Illustrated notes

Levels and vault maps discovered:
D:1:      giann_wishing_wells, layout_basic, shapermc_ecumenical_altar_acropolis
D:2:      layout_loops_ring, serial_glass, glass_columns_a, glass_columns_a,
          glass_columns_b, glass_columns_c, glass_columns_a, glass_columns_a,
          glass_columns_b, glass_columns_a, glass_columns_a, glass_columns_a,
          glass_columns_b, glass_columns_c, glass_columns_c, glass_columns_c,
          serial_shops, nicolae_shop_hallway_stairs,
          nicolae_shop_back_alley_shop, nicolae_shop_real_fake_doors,
          nicolae_shop_stone, kennysheep_generic_room_16,
          uniq_crazy_yiuf_cottage
D:3:      layout_loops_ring, grunt_decor_resistance, uniq_terence
D:4:      layout_basic, grunt_temple_overflow_open, ebering_ghost_sewer_d,
          serial_rivers, chequers_serial_rivers_room_b,
          chequers_serial_rivers_large_b, chequers_serial_rivers_micro_c,
          chequers_serial_rivers_micro_b, chequers_serial_rivers_small_b,
          chequers_serial_rivers_micro_b
D:5:      layout_rooms, amcnicky_altar_gilded, nicolae_nh_ransacked_shop
D:6:      layout_loops_ring, grunt_temple_overflow_diamond,
          mainiacjoe_overflow_cross_hatched, zin_scriptorium, serial_shops,
          nicolae_shop_bloodbath_and_beyond, minmay_ogre_servants
D:7:      layout_loops_ring, minmay_temple_entry_fiery, chequers_avenue
D:8:      minmay_four_partial_circles, layout_loops_cross,
          chequers_temple_overflow_minitemple, hangedman_abyss_or_decor_stabs,
          roderic_serpentine_path
D:9:      layout_roguey, marbit_many_paths, old_standard_altar, serial_shops,
          nicolae_shop_tiny_statue_garden, nicolae_shop_tiny_glass, shop,
          enter_bailey_5, minivault_16, uniq_maggie, uniq_pikel
Temple:   nicolae_temple_superstar
Abyss:3:  base: D:7, evilmike_abyss_exit_chaos

Skill      XL: |  1  2  3  4  5  6  7  8  9 10 |
---------------+-------------------------------+-----
Invocations    | 1 2 3 4 5 6 |  6.4
Short Blades   | 1 2 3 4 5 |  5.8
Long Blades    | 1 2 3 4 5 |  5.8
Axes           | 1 2 3 4 5 |  5.8
Maces & Flails | 1 2 3 4 5 |  5.8
Staves         | 1 2 3 4 5 |  5.8
Ranged Weapons | 1 2 3 4 5 |  5.8
Throwing       | 1 2 3 4 5 |  5.8
Armour         | 1 2 3 4 5 |  5.8
Stealth        | 1 2 3 4 5 |  5.8
Unarmed Combat | 1 2 3 4 5 |  5.8
Evocations     | 1 2 3 4 5 |  5.8
Spellcasting   | 3 4 5 6 |  6.5
Conjurations   | 1 2 3 4 |  4.8
Hexes          | 1 2 3 4 |  4.8
Summonings     | 1 2 3 4 |  4.8
Necromancy     | 1 2 3 4 |  4.8
Translocations | 1 2 3 4 |  4.8
Transmutations | 1 2 3 4 |  4.8
Fire Magic     | 1 2 3 4 |  4.8
Ice Magic      | 1 2 3 4 |  4.8
Air Magic      | 1 2 3 4 |  4.8
Earth Magic    | 1 2 3 4 |  4.8
Poison Magic   | 1 2 3 4 |  4.8
Dodging        | 3 4 5 6 |  6.4
Shields        | 3 4 5 6 |  6.4
Polearms       | 7 8 |  8.9
Fighting       | 9 10 | 10.4

Action                     |  1- 3 |  4- 6 |  7- 9 | 10-12 || total
---------------------------+-------+-------+-------+-------++-------
  Melee: Spear             |    74 |   114 |   485 |   181 ||   854
         Bite              |    11 |    19 |    69 |    28 ||   127
         Headbutt          |       |       |     6 |       ||     6
  Throw: Dart              |       |    17 |   118 |    29 ||   164
  Evoke: Wand              |       |       |       |     4 ||     4
    Use: Scroll            |       |     3 |     1 |     5 ||     9
         Potion            |       |       |     6 |     3 ||     9
   Stab: Sleeping          |     4 |     4 |     6 |       ||    14
         Paralysed         |       |       |       |    17 ||    17
 Armour: Leather armour    |    19 |    16 |    96 |    55 ||   186
  Dodge: Dodged            |    30 |    48 |   185 |   156 ||   419
  Block: Buckler           |    15 |    20 |    92 |    33 ||   160

Table legend: (Time is in decaauts)
 A = Elapsed time spent in this place.
 B = Non-inter-level travel time spent in this place.
 C = Inter-level travel time spent in this place.
 D = Time resting spent in this place.
 E = Time spent auto-exploring this place.
 F = Levels seen in this place.
 G = Mean time per level.
                   A        B        C        D        E       F      G
               +--------+--------+--------+--------+--------+-----+--------+
         Total |  10603 |  10329 |    274 |    283 |   7909 |  12 |  883.6 |
       Dungeon |  10312 |  10039 |    273 |    283 |   7863 |   9 | 1145.8 |
        Temple |     76 |     76 |      0 |      0 |     46 |   1 |   76.0 |
         Abyss |    213 |    213 |      0 |      0 |      0 |   2 |  106.5 |
               +--------+--------+--------+--------+--------+-----+--------+

Top non-repeatable levels by time:
     D:8: 2158 daAuts
     D:7: 1550 daAuts
     D:6: 1462 daAuts
     D:4: 1278 daAuts
     D:2: 1275 daAuts
     D:3: 1060 daAuts
     D:1: 779 daAuts
     D:5: 691 daAuts
 Abyss:3: 126 daAuts
 Abyss:2: 87 daAuts
  Temple: 76 daAuts
     D:9: 55 daAuts
